 Dungeon Crawl Stone Soup version 0.29-a0-72-g1732ff48e7 (webtiles) character file.

Game seed: 9401995141985027155

4 porpoise the Insei (level 1, 0/15 HPs)
             Began as a Demonspawn Transmuter on Feb 4, 2022.
             Slain by a kobold (5 damage)
             ... on level 1 of the Dungeon.
             The game lasted 00:00:49 (288 turns).

porpoise the Insei (Demonspawn Transmuter)           Turns: 288, Time: 00:00:50

Health: 0/15       AC:  2    Str: 10    XL:     1   Next: 50%
Magic:  2/3        EV: 12    Int: 14    God:
Gold:   11         SH:  0    Dex: 13    Spells: 3/4 levels left

rFire   . . .      SeeInvis .     - Unarmed
rCold   . . .      Faith    .   (no shield)
rNeg    . . .      Spirit   .   a - +0 robe
rPois   .          Reflect  .   (helmet currently unavailable)
rElec   .          Harm     .   (no cloak)
rCorr   .          Rampage  .   (no gloves)
Will    .....                   (boots currently unavailable)
Stlth   +.........              (no amulet)
HPRegen 0.05/turn               (no ring)
MPRegen 0.08/turn               (no ring)

@: appendages (expiring)
A: horns 2, talons 2
a: End Transformation


You were on level 1 of the Dungeon.
You had temporarily grown beastly horns and talons.
You visited 1 branch of the dungeon, and saw 1 of its levels.

You collected 11 gold pieces.

Inventory:

Armour
 a - a +0 robe (worn)
 d - a +0 pair of boots
Scrolls
 b - a scroll of brand weapon {unknown}
Potions
 c - a potion of flight {unknown}


   Skills:
 + Level 1.3 Fighting
 - Level 1.7 Dodging
 + Level 2.8 Unarmed Combat
 - Level 2.0 Spellcasting
 - Level 1.7 Transmutations


You had 3 spell levels left.
You knew the following spells:

 Your Spells              Type           Power      Damage    Failure   Level
a - Beastly Appendage     Tmut           12%        N/A       12%         1

Your spell library contained the following spells:

 Spells                   Type           Power      Damage    Failure   Level
 Wereblood                Tmut           6%         N/A       17%         2
 Spider Form              Tmut/Pois      3%         N/A       45%         3
 Ice Form                 Ice/Tmut       3%         N/A       86%         4


Dungeon Overview and Level Annotations

Branches:
Dungeon (1/15)

Altars:


Innate Abilities, Weirdness & Mutations

You have temporarily grown beastly horns and talons.


Message History

The goblin is severely wounded.
The goblin barely misses you.
You hit the goblin.
You kill the goblin!
You start resting.
Your transformation is almost over.
Magic restored.
You start resting.
A kobold comes into view. It is wielding a +0 short sword.
Your horns disappear.
Your talons disappear.
A goblin comes into view. It is wielding a +0 club.
The goblin shouts!
The kobold throws a stone.
The stone closely misses you.
Casting: Beastly Appendage (safe; 12% risk of failure)
Confirm with . or Enter, or press ? or * to list all spells.
You grow a pair of large bovine horns.
Your feet morph into talons.
You hit the goblin.
You kill the goblin!
The kobold throws a stone.
The stone hits you.
The kobold throws a stone.
The stone hits you.
Things that are here:
a +0 club; a +0 dagger The kobold hits you but does no damage.
You hit the kobold.
You headbutt the kobold, but do no damage.
The kobold is heavily wounded.
Your transformation is almost over.
The kobold hits you with a +0 short sword.
You barely miss the kobold. Your kick misses the kobold.
Your headbutt misses the kobold.
The kobold is heavily wounded.
The kobold hits you with a +0 short sword.
You are too injured to fight recklessly!
You miss the kobold. Your kick misses the kobold.
The kobold is heavily wounded.
The kobold misses you.
You hit the kobold.
The kobold is severely wounded.
The kobold hits you with a +0 short sword.
You die...

##..............
...####.#######
#.# #.# ##.#
#.### ###
....####.#.##
....
.##........####
#....
.###....#......
......###.#
#.##########
#.K@..###.#
####)###.##
##...## #####


You could see a kobold.

Vanquished Creatures
  An endoplasm (D:1)
  A frilled lizard (D:1)
  2 goblins (D:1)
4 creatures vanquished.

Notes
Turn   | Place    | Note
-------+----------+-------------------------------------------
     0 | D:1      | porpoise the Demonspawn Transmuter began the quest for the
                  | Orb.
     0 | D:1      | Reached XP level 1. HP: 15/15 MP: 3/3
   288 | D:1      | Slain by a kobold

Illustrated notes

Levels and vault maps discovered:
D:1:      minmay_arrival_loop, layout_loops_ring

Action                   || total
-------------------------++-------
Melee: Unarmed           ||    17
       Kick              ||     1
       Headbutt          ||     1
 Cast: Beastly Appendage ||     3
Armor: Robe              ||     1
Dodge: Dodged            ||     9

Table legend: (Time is in decaauts)
 A = Elapsed time spent in this place.
 B = Non-inter-level travel time spent in this place.
 C = Inter-level travel time spent in this place.
 D = Time resting spent in this place.
 E = Time spent auto-exploring this place.
 F = Levels seen in this place.
 G = Mean time per level.
                   A        B        C        D        E       F      G
               +--------+--------+--------+--------+--------+-----+--------+
         Total |    287 |    287 |      0 |     73 |    162 |   1 |  287.0 |
       Dungeon |    287 |    287 |      0 |     73 |    162 |   1 |  287.0 |
               +--------+--------+--------+--------+--------+-----+--------+

Top non-repeatable levels by time:
     D:1: 287 daAuts
